I try again now, chaotic male orcish Priest ---------------- |..............| ------------- #-..............| |`.........`| ###|..............| |.....`.....| # |..............| |...-----....%############## --.------------- |...| |...| -)----.-- |..`| {.`..| |)r...... |...|.{.|...| |.@>....| |...-----...| |.......| #`# #|.....`.....| -----.--- |........#######.`.........`| |.......| --------- #`##------------- |.......| ####### `############################## |.......| ########################################-.......| --------- I try again now the Acolyte Experience level: 4 Strength: 14 Dexterity: 12 Constitution: 14 Intelligence: 9 Wisdom: 16 Charisma: 10 Health: 0(30) Energy: 27(27) Def: 8 Gold: 243 Moves: 1316 Dungeon seed: SF6XEEzuch5upWpS Game ID: I try again now_1547905570 Your Inventory: Coins $ - 243 gold pieces Weapons a - a blessed +1 mace (weapon in hand) Armor e - an uncursed +0 robe (being worn) n - an uncursed +0 orcish shield (being worn) q - an uncursed +0 Hawaiian shirt (being worn) y - an uncursed +0 chain mail (being worn) z - a cursed +0 dwarvish mithril-coat Comestibles c - an uncursed clove of garlic d - an uncursed sprig of wolfsbane i - 3 uncursed fortune cookies j - 3 uncursed food rations p - an uncursed lichen corpse r - an uncursed Drug Scrolls l - 2 uncursed scrolls of identify Potions b - 4 potions of holy water o - an uncursed potion of sickness Tools h - an uncursed oil lamp (0:1330) k - a cursed brass lantern (0:1111) m - a cursed figurine of a female goblin Spells and supernatural/magical abilities: Name Level Category Cost Memory l - light 1 divination 62pw 99% I - identify 2 divination 2000pw 99% W - pray for help -- divine ? -- X - turn undead -- divine ? -- Your skills at the end: Fighting Skills wands [Basic] Weapon Skills mace [Basic] Spellcasting Skills clerical spells [Basic] Final Attributes: You were piously aligned. You were immune to poison. You had infravision. You were lucky. Offler was noncommittal. You are dead. Vanquished creatures: a floating eye 2 rabid rats a dwarf zombie a gas spore a green mold 3 gnomes 3 geckos 4 jackals 2 foxes a goblin a sewer rat 8 grid bugs a bat a lichen 4 newts 34 creatures vanquished. Voluntary challenges: You were an atheist. You used a wielded weapon 31 times, starting on turn 146. You read items or engraved 7 times, starting on turn 422. You never genocided any monsters. You never polymorphed an object. You never changed form. You used no wishes. You never split a pudding. You never wrote Elbereth's name. You never violated your personal moral code. Dungeon overview: The Dungeons of Doom: levels 1 to 5 Level 1 an altar to Offler, a vault a long staircase Level 2 a potion shop Level 3 Level 4 Level 5 <- You were here some fountains History has recorded: On T:1 you entered the Dungeons of Doom to retrieve the Amulet of Yendor! On T:300 you reached level 2 of The Dungeons of Doom. On T:706 you reached level 3 of The Dungeons of Doom. On T:709 you advanced to experience level 2. On T:1125 you reached level 4 of The Dungeons of Doom. On T:1127 you reached level 5 of The Dungeons of Doom. On T:1196 you advanced to experience level 3. On T:1309 you advanced to experience level 4. Score breakdown: Gold: 243 ( 8121 points) Experience: 4 levels ( 9649 points) Exploration: 5 levels ( 10.42%) ( 8751 points) Discoveries: 0 items ( 0.00%) ( 0 points) Valuables value: (no points given unless you survive) Artifact value: 0 ( 0 points) Variety of kills: 15 monsters ( 3.95%) ( 5960 points) Turncount: 1316 turns ( 0 points) Survival: died (score multiplied by 80%) Total score: 25984 Latest messages: The gnome misses. You miss the gnome. You kill the gnome! The gnome picks up a cursed thonged club from the floor. You miss the gnome. (2x) The gnome wields a thonged club! The rabid rat bites! You kill the gnome! Welcome to experience level 4. The rabid rat bites! You miss the rabid rat. The rabid rat bites! The rabid rat's bite was poisoned, but doesn't affect you. You miss the rabid rat. The rabid rat bites! You miss the rabid rat. The rabid rat bites! You hit the rabid rat. The rabid rat misses. You miss the rabid rat. The rabid rat misses. You miss the rabid rat. The rabid rat bites! (2x) You die... For some reason, you think that you can almost hear the Wizard laugh manically... Final status: Goodbye I try again now the Priest, killed by a rabid rat... You died in The Dungeons of Doom on dungeon level 5 with 25984 points, and 243 pieces of gold, after 1316 moves. You were level 4 with a maximum of 30 hit points when you died.